Unix NetHack Version 3.7.0-102 Work-in-progress - last build Apr 7 2024 00:22:53 (d302a6a9ff6341f1a922d8f5af178406b35fdf99,branch:master). Game began 2024-04-20 21:18:19, ended 2024-04-20 22:08:54. Ted, neutral male gnomish Wizard ---------------------------------# |...............................-## ------ |...------......---------------.|## .....| |..@|.(((|...... |[![.|.|## |.....| |...|...*| .....| |!]!.-.|## ###......| |...@.@((| ....| |?+].|.|## # |*....| |..u|---------..--------+------.|# # #### .>...| |...|...|....|....{.............|############ # --.--- |...|...|._..|.......-----|----.|# # # |...|...|....|.......| ..|..|.| # |...|...|....|{....).| |..|..|.| # |...-|----|---.......--+----|--.| # |...............................| ### |...-----|-|-----....----|-----.| -----## |...-..|..|..|..-..).-..|..|..-.| |...|## |...|..|..|..|..|....|..|..|..|.| |..<-## --------------------------------- |...|# ----- Ted the Thaumaturge St:14 Dx:14 Co:15 In:18 Wi:13 Ch:11 Neutral S:1805 Dlvl:7 $:55 HP:0(41) Pw:25(54) AC:8 Xp:6/350 T:2840 Latest messages: The gnomish wizard casts a spell! The gnomish wizard is suddenly moving faster. You hear someone beseeching Ptah. The black unicorn butts! The black unicorn kicks! The black unicorn butts! The black unicorn kicks! In what direction? h The spell hits the kobold! You kill the kobold! You swap places with the peaceful watch captain. "Hello, Ted! Welcome to Eed-morra's hardware store!" You see here a lamp (for sale, 67 zorkmids). "For you, honored sir; only 67 zorkmids for this lamp." Z - a lamp (unpaid, 67 zorkmids). You see here a credit card (for sale, 10 zorkmids). You see here a stethoscope (for sale, 75 zorkmids). "For you, most gracious sir; only 75 zorkmids for this stethoscope." c - a stethoscope (unpaid, 75 zorkmids). You see here a key (for sale, 10 zorkmids). "For you, honored sir; only 10 zorkmids for this key." f - a key (unpaid, 10 zorkmids). You see here a bag (for sale, 2502 zorkmids). In what direction? > The black gem will cost you 2500 zorkmids. h - a black gem (unpaid, 2500 zorkmids). What do you want to drop? [$a-hjl-nqzADGHJKMVX-Z or ?*] h You drop a black gem (unpaid, 2500 zorkmids). You see here a leash (for sale, 20 zorkmids). You see here a leash (for sale, 20 zorkmids). You see here a stethoscope (for sale, 75 zorkmids). You see here a credit card (for sale, 10 zorkmids). You see here 3 candles (for sale, 39 zorkmids). You see here a whistle (for sale, 10 zorkmids). "For you, honored sir; only 10 zorkmids for this whistle." i - a whistle (unpaid, 10 zorkmids). What do you want to use or apply? [cfil-nzGZ or ?*] i You produce a high whistling sound. What do you want to drop? [$a-gijl-nqzADGHJKMVX-Z or ?*] i You drop a whistle (unpaid, 10 zorkmids). You bought a lamp for 67 gold pieces. You bought a key for 10 gold pieces. You bought a stethoscope for 75 gold pieces. "Thank you for shopping in Eed-morra's hardware store!" The black unicorn butts! The black unicorn kicks! The black unicorn butts! You die... Eed-morra gratefully inherits all your possessions. Do you want to see what you had when you died? [ynq] (y) q Inventory: Coins $ - 55 gold pieces Weapons D - a +0 dagger a - a blessed +2 quarterstaff (weapon in hands) Armor Y - a cursed +0 pair of water walking boots b - an uncursed +0 cloak of magic resistance (being worn) Comestibles H - an uncursed food ration X - an uncursed partly eaten food ration Scrolls j - an uncursed scroll of teleportation Spellbooks l - a blessed spellbook of force bolt m - an uncursed spellbook of magic missile z - an uncursed spellbook of remove curse Potions q - an uncursed potion of booze K - an uncursed potion of gain ability V - a cursed potion of gain ability A - 7 uncursed potions of water J - an uncursed potion of water g - a potion of unholy water Rings e - an uncursed ring of poison resistance (on right hand) d - an uncursed +1 ring of protection (on left hand) Wands G - a wand of striking (0:4) Tools Z - an uncursed magic lamp n - a magic marker (0:7) f - an uncursed skeleton key c - an uncursed stethoscope Gems/Stones M - 2 uncursed worthless pieces of violet glass Ted the Wizard's attributes: Background: You were a Thaumaturge, a level 6 male gnomish Wizard. You were neutral, on a mission for Thoth who was opposed by Ptah (lawful) and Anhur (chaotic). You were right-handed. You were in the Gnomish Mines, on level 7. You entered the dungeon 2840 turns ago. It was nighttime. You had 350 experience points, 290 more were needed to attain level 7. Your score was 1805 before end-of-game adjustments. Basics: You had 0 out of 41 hit points. You had 25 out of 54 energy points (spell power). Your armor class was 8. Your wallet contained 55 zorkmids. Autopickup was on for '$"=/!?' plus thrown. Final Characteristics: Your strength was 14 (limit:18/50). Your dexterity was 14 (limit:18). Your constitution was 15 (limit:18). Your intelligence was 18 (limit:19). Your wisdom was 13 (limit:18). Your charisma was 11 (limit:18). Final Status: You weren't hungry. You were unencumbered. You were wielding a quarterstaff. You had basic skill with quarterstaff. Final Attributes: You were piously aligned. You were magic-protected. You were poison resistant. You had infravision. You had a small defense bonus (+1). You were guarded. You are dead. Miscellaneous: You never encountered a bones level. Total elapsed playing time was 50 minutes and 33 seconds. Major events: Turn 1: Ted the neutral male gnomish Wizard entered the dungeon 547: attained the rank of Conjurer (level 3) 1319: entered the Gnomish Mines 2645: reached Mine Town 2653: attained the rank of Thaumaturge (level 6) 2840: killed by a black unicorn Vanquished creatures: 2 leprechauns an imp 2 Mordor orcs a fog cloud a yellow light 4 elf zombies a floating eye a kitten a kobold leader 3 hill orcs a rothe a centipede a monkey an iguana a gas spore 5 hobbits a large kobold 2 giant rats a cave spider 2 garter snakes 6 geckos 3 jackals a fox a kobold a goblin 3 sewer rats a grid bug a bat 6 lichens 3 kobold zombies 8 newts 67 creatures vanquished. No species were genocided or became extinct. Voluntary challenges: You read items or engraved 10 times. You never engraved Elbereth. You never had a pet. You never genocided any monsters. You never polymorphed an object. You never changed form. You used no wishes. Achievements: You attained the rank of Conjurer. You entered a shop. You entered the Gnomish Mines. You entered Minetown. You attained the rank of Thaumaturge. You entered a temple. The Dungeons of Doom: levels 1 to 6 Level 1: Level 2: A fountain. Level 3: A fountain. Level 4: Stairs down to The Gnomish Mines. Level 5: A grave. Level 6: The Gnomish Mines: levels 5 to 7 Level 5: Level 6: Level 7: <- You were here. A shop, a temple and an altar, some fountains. Final resting place for you, killed by a black unicorn. Game over: ---------- / \ / REST \ / IN \ / PEACE \ / \ | Ted | | 0 Au | | killed by a | | black unicorn | | | | | | 2024 | *| * * * | * _________)/\\_//(\/(/\)/\//\/|_)_______ Goodbye Ted the Wizard... You died in The Gnomish Mines on dungeon level 7 with 1750 points, and 0 pieces of gold, after 2840 moves. You were level 6 with a maximum of 41 hit points when you died.